 Dungeon Crawl Stone Soup version 0.18.1-48-g4cf74bf (webtiles) character file.

296 tevo3000 the Insei (level 6, -2/32 HPs)
             Began as a Vine Stalker Monk on Aug 28, 2016.
             Was a Believer of Qazlal.
             Slain by Pikel
             ... wielding a +2 whip of electrocution
              (8 damage)
             ... on level 4 of the Dungeon.
             The game lasted 00:16:49 (3069 turns).

tevo3000 the Insei (Vine Stalker Monk)              Turns: 3069, Time: 00:16:50

Health: -2/32      AC:  9    Str: 16    XL:     6   Next: 35%
Magic:  0/7        EV:  6    Int: 10    God:    Qazlal [**....]
Gold:   239        SH: 14    Dex: 16    Spells: 0 memorised, 5 levels left

rFire  . . .     SeeInvis .       - Unarmed
rCold  . . .     Gourm    .     t - +0 ring mail
rNeg   . . .     Faith    .     l - +0 large shield
rPois  +         Spirit   +     e - +0 helmet
rElec  .         Dismiss  .     n - +1 cloak {MR+}
rCorr  .         Reflect  .     (no gloves)
SustAt .         Harm     .     r - +0 pair of boots
MR     +....                    (no amulet)
Stlth  +.........               (no ring)
                                o - ring of flight

@: lethally poisoned (-2 -> -3), somewhat resistant to hostile enchantments,
very unstealthy
A: fangs 2, poison resistance, regeneration 2, magic shield, antimagic bite, no
device heal 3, rot immunity
a: Upheaval, Renounce Religion, Evoke Flight


You were on level 4 of the Dungeon.
You worshipped Qazlal.
Qazlal was pleased with you.
You were not hungry.

You visited 1 branch of the dungeon, and saw 5 of its levels.

You collected 239 gold pieces.

Inventory:

Armour
 e - a +0 helmet (worn)
 l - a +0 large shield (worn)
 n - a +1 cloak of magic resistance (worn)
 r - a +0 pair of boots (worn)
 t - a +0 ring mail (worn)
Jewellery
 o - a ring of flight (left hand)
Wands
 g - a wand of iceblast (8/15)
Scrolls
 a - a scroll of immolation {unknown}
 c - 5 scrolls of teleportation {unknown}
 f - 2 scrolls of random uselessness {unknown}
 j - 2 scrolls of blinking {unknown}
 k - 2 scrolls of identify {unknown}
 m - a scroll of recharging {unknown}
 p - a scroll of enchant weapon {unknown}
 s - a scroll of remove curse {unknown}
Potions
 h - 3 potions of heal wounds {unknown}
 u - a potion of curing
Books
 v - a book of Conjurations

   Spells                             Type                      Level
   a - Magic Dart                     Conjuration                  1
   b - Searing Ray                    Conjuration                  2
   c - Dazzling Spray                 Conjuration/Hexes            3
   d - Fulminant Prism                Conjuration/Hexes            4
   e - Iskenderun's Mystic Blast      Conjuration                  4
   f - Iskenderun's Battlesphere      Conjuration/Charms           5
Comestibles
 b - 2 bread rations
 d - 3 fruits
 i - 4 meat rations
 q - a slice of pizza


   Skills:
 - Level 2.6 Fighting
 - Level 2.4 Dodging
 - Level 2.4 Stealth
 * Level 7.4 Unarmed Combat


You had 5 spell levels left.
You didn't know any spells.

Dungeon Overview and Level Annotations

Branches:
Dungeon (5/15)
 Temple: D:4-7

Altars:
Cheibriados
Elyvilon
Fedhas
Kikubaaqudgha
Makhleb
Qazlal
Ru
Sif Muna

Shops:
D:5 [

Annotations:
D:4 Pikel


Innate Abilities, Weirdness & Mutations

You have extremely sharp teeth.
You heal very quickly.
When hurt, damage is shared between your health and your magic reserves.
Your bite disrupts and absorbs the magic of your enemies.
Potions and wands cannot restore your health.
You are immune to rotting.
Your system is resistant to poisons.


Message History

Pikel hits you but does no damage.
You hit Pikel. Your bite misses Pikel.
Pikel is heavily wounded.
You feel sick.
The scorpion is engulfed in freezing vapours.
The scorpion stings you but does no damage.
You block Pikel's attack.
You hit Pikel.
Pikel is heavily wounded.
You feel sick.
The scorpion is engulfed in freezing vapours.
You kill the scorpion!
Qazlal accepts your kill.
Pikel hits you with a whip of electrocution.
You are electrocuted!
* * * LOW HITPOINT WARNING * * *
You punch Pikel! You bite Pikel, but do no damage.
Pikel is almost dead.
Pikel hits you with a whip of electrocution!
You die...

#.###.#....##.##.#
.............##....#
##...............##.#
...%................#
#.#...........#...#.#. .
!..%......§p.........#
... .pp##.###..#....#...
.....#K##.............##
#..§@§...............
.......P..####.....#####
####...#### ####### #...
#... #... #... #...


You could see Pikel and 2 slaves.

Vanquished Creatures
  A slave (D:4)
  The ghost of tevo3000 the Slasher, an amateur DsFi (D:3)
  A scorpion (D:4)
  A jelly (D:5)
  An orc priest (D:3)
  A hound zombie (D:5)
  3 adders
  An ooze (D:3)
  A worm (D:2)
  5 giant geckos
  2 orcs (D:3)
  A giant cockroach (D:2)
  6 goblins (D:1)
  4 hobgoblins
  2 jackals (D:3)
  6 kobolds
  A ball python (D:2)
  7 bats
  7 giant newts
  8 rats
60 creatures vanquished.

Notes
Turn   | Place    | Note
--------------------------------------------------------------
     0 | D:1      | tevo3000 the Vine Stalker Monk began the quest for the Orb.
     0 | D:1      | Reached XP level 1. HP: 11/11 MP: 2/2
    82 | D:1      | Reached XP level 2. HP: 16/16 MP: 3/3
   670 | D:2      | Reached XP level 3. HP: 19/19 MP: 4/4
   733 | D:2      | Reached skill level 5 in Unarmed Combat
   745 | D:2      | Found a stormy altar of Qazlal.
   753 | D:2      | Became a worshipper of Qazlal Stormbringer
   753 | D:2      | Reached * piety under Qazlal
   753 | D:2      | Reached ** piety under Qazlal
   840 | D:2      | Found a sacrificial altar of Ru.
   870 | D:2      | Found a burning altar of Makhleb.
   979 | D:2      | Found a white marble altar of Elyvilon.
  1520 | D:3      | Reached XP level 4. HP: 23/23 MP: 5/5
  1698 | D:3      | Found an ancient bone altar of Kikubaaqudgha.
  1850 | D:3      | Found a blossoming altar of Fedhas.
  1883 | D:3      | Found a deep blue altar of Sif Muna.
  1954 | D:3      | Noticed tevo3000's ghost (amateur DsFi)
  1957 | D:3      | Gained mutation: Your system is resistant to poisons. [potion of beneficial mutation]
  1974 | D:3      | Killed tevo3000's ghost
  1974 | D:3      | Reached skill level 6 in Unarmed Combat
  1974 | D:3      | Reached XP level 5. HP: 10/27 MP: 6/6
  2763 | D:3      | You fall through a shaft for 2 floors!
  2763 | D:5      | Entered Level 5 of the Dungeon
  2763 | D:5      | Found a snail-covered altar of Cheibriados.
  2800 | D:5      | Reached skill level 7 in Unarmed Combat
  2800 | D:5      | Gained mutation: You heal very quickly. [Vine Stalker growth]
  2800 | D:5      | Reached XP level 6. HP: 6/32 MP: 2/7
  2892 | D:5      | Found Enocot's Antique Armour Shop.
  3044 | D:4      | Noticed a slave
  3051 | D:4      | Noticed a slave
  3052 | D:4      | Noticed a slave
  3054 | D:4      | Noticed a slave
  3055 | D:4      | Noticed Pikel
  3062 | D:4      | Killed a slave
  3069 | D:4      | Slain by Pikel

Skill      XL: |  1  2  3  4  5 |
---------------+----------------+-----
Unarmed Combat | 5 6 7 |  7.4
Fighting       | |  2.6
Dodging        | |  2.4
Stealth        | |  2.4

Action                   |  1- 3 |  4- 6 || total
-------------------------+-------+-------++-------
Melee: Unarmed           |   114 |    97 ||   211
       Bite              |    35 |    37 ||    72
       Punch             |     2 |       ||     2
  Use: Potion            |       |     3 ||     3
 Stab: Sleeping          |     5 |       ||     5
  Eat: Bread ration      |       |     2 ||     2
Armor: Robe              |    20 |       ||    20
       Leather armour    |     3 |     7 ||    10
       Ring mail         |       |    21 ||    21
Dodge: Dodged            |    42 |    16 ||    58
Block: Large shield      |    38 |    61 ||    99
